 Dungeon Crawl Stone Soup version 0.18-a0-1159-gf481d65 (console) character file.

1158 LETSDOELF the Sneak (level 8, -7/69 HPs)
             Began as a High Elf Enchanter on Jan 23, 2016.
             Was a Priest of Makhleb.
             Killed by divine providence
             ... invoked by an orc priest
              (14 damage)
             ... on level 6 of the Dungeon on Jan 24, 2016.
             The game lasted 00:49:31 (7926 turns).

LETSDOELF the Sneak (High Elf Enchanter)            Turns: 7926, Time: 00:49:31

Health: -7/69      AC: 24    Str:  7    XL:     8   Next: 16%
Magic:  15/15      EV:  2    Int: 22    God:    Makhleb [***...]
Gold:   291        SH:  0    Dex: 15    Spells: 7 memorised, 0 levels left

rFire  . . .     SeeInvis .     a - +1 dagger (flame)
rCold  . . .     Gourm    +     (armour currently unavailable)
rNeg   + + +     Faith    .     (no shield)
rPois  +         Spirit   .     (helmet currently unavailable)
rElec  .         Dismiss  .     (cloak currently unavailable)
rCorr  .         Reflect  .     (gloves currently unavailable)
SustAt .         Harm     .     (boots currently unavailable)
MR     .....     NoTele   +     o - amulet of the gourmand
Stlth  ++++++....               v - ring of poison resistance
                                t - ring of stealth

@: tree-form, repel missiles, not resistant to hostile enchantments, very
stealthy
A: no striking features
a: Minor Destruction, Lesser Servant of Makhleb, Renounce Religion


You were on level 6 of the Dungeon.
You worshipped Makhleb.
Makhleb was most pleased with you.
You were completely stuffed.
You were a tree.
You visited 1 branch of the dungeon, and saw 6 of its levels.

You collected 291 gold pieces.

Inventory:

Hand Weapons
 a - a +1 dagger of flaming (weapon)
 b - a +3 hunting sling of freezing
 i - a +0 short sword
 n - a +0 scimitar
Missiles
 f - 6 poisoned tomahawks
 h - 143 stones (quivered)
 m - 9 sling bullets
 x - 2 throwing nets
Armour
 j - a +2 robe (melded)
 l - a +1 helmet (melded)
 u - a +0 pair of boots (melded)
 D - a +1 robe of positive energy
Jewellery
 o - an amulet of the gourmand (around neck)
 t - a ring of stealth (left branch)
 v - a ring of poison resistance (right branch)
 y - an uncursed amulet of dismissal {unknown}
 F - an uncursed amulet of dismissal {unknown}
Scrolls
 k - a scroll of amnesia
 p - 5 scrolls of teleportation {@r4}
 A - 2 scrolls of fear {unknown}
 E - a scroll of remove curse {unknown}
 G - a scroll of enchant weapon {unknown}
Potions
 g - a potion of agility
 B - a potion of berserk rage {!q}
Books
 c - a book of Maledictions

   Spells                             Type                      Level
   a - Corona                         Hexes                        1
   b - Ensorcelled Hibernation        Hexes/Ice                    2
   c - Confuse                        Hexes                        3
   d - Tukima's Dance                 Hexes                        3
   e - Dazzling Spray                 Conjuration/Hexes            3
 s - a book of Minor Magic

   Spells                             Type                      Level
   a - Magic Dart                     Conjuration                  1
   b - Blink                          Translocation                2
   c - Call Imp                       Summoning                    2
   d - Repel Missiles                 Charms/Air                   2
   e - Slow                           Hexes                        2
   f - Conjure Flame                  Conjuration/Fire             3
   g - Mephitic Cloud                 Conjuration/Poison/Air       3
Comestibles
 d - 5 bread rations
 q - a slice of pizza
 r - 11 fruits
 H - 2 chunks of flesh


   Skills:
 - Level 6.0 Short Blades
 - Level 2.1 Dodging
 - Level 6.1 Stealth
 - Level 4.5 Spellcasting
 * Level 0.4 Conjurations
 * Level 5.9 Hexes
 - Level 3.0 Ice Magic


You couldn't memorise any spells.
You knew the following spells:

 Your Spells              Type           Power        Failure   Level  Hunger
a - Corona                Hex            ####...      1%          1    None
d - Confuse               Hex            ####....     2%          3    ##.....
f - Tukima's Dance        Hex            ####....     2%          3    ##.....
g - Slow                  Hex            ####....     1%          2    None
r - Repel Missiles        Chrm/Air       #.....       17%         2    None
s - Ensorcelled Hibernat  Hex/Ice        ###...       2%          2    None
z - Dazzling Spray        Conj/Hex       ###.....     12%         3    ##.....


Dungeon Overview and Level Annotations

Branches:
Dungeon (6/15)             Temple (0/1) D:6

Altars:
Dithmenos
Kikubaaqudgha
Makhleb
Nemelex Xobeh
Sif Muna
Xom

Annotations:
D:1 dig
D:5 exclusion: 2 orc priests
D:6 Grinder, Menkaure


Message History

Something hits you but does no damage.
Drink which item? (? for menu, Esc to quit)
You feel better.
The orc wizard hits you but does no damage.
The orc priest hits you. Something hits you but does no damage.
A crimson imp comes into view.
You hit the orc priest. You burn the orc priest.
The orc priest is heavily wounded.
The orc wizard hits you with a dagger.
The orc priest mumbles some strange prayers to Beogh against you.
Something smites you!
* * * LOW HITPOINT WARNING * * *
The orc wizard hits you but does no damage. 16 damage.
Drink which item? (? for menu, Esc to quit)
It was a potion of poison.
You feel slightly nauseous.
The crimson imp moves out of view.
Something hits you but does no damage.
The orc priest invokes the aid of Beogh against you.
Something smites you!
You die... ███.█ █..█.....██.█...█ █ █.███..█.....██.█.███ ███....<.......██.█.█████████ .██............██....█......█ [...███..█.............███████ .█..█ █..███....███..███ ██>██

██..█ █......)..█ █....█
8...8█ ██..█
█.█████...███.█████.....█
█..█ █.█████...♣oo.█
8.....8█ ██..█
█........({o█(█ ██.....██
....█████████..██o█.█
█8...8█
██.............██.█o█
....██
█............███)█.█
....8█ ███.███████████
█..o█ ..M.█ ....█ ██.(█
...8█


█████ █..█ █_██ █..█ █████████ You could see 2 orc priests, an orc wizard, an
orc and a friendly trident.

Vanquished Creatures
  Eustachio (D:6)
  Duvessa (D:5)
  An ogre (D:5)
  2 centaurs
  A giant frog (D:6)
  A water moccasin zombie (D:3)
  Dowan (D:6)
  The ghost of FIQ the Skirmisher, a weakling HOFi (D:3)
  A giant frog zombie (D:6)
  A giant frog skeleton (D:4)
  A jelly (D:5)
  An orc wizard (D:6)
  A gnoll shaman (D:5)
  An iguana (D:5)
  Robin (D:2)
  6 adders
  7 gnolls
  A shadow imp (D:5)
  2 oozes
  An adder zombie (D:5)
  An adder skeleton (D:4)
  5 worms
  4 giant geckos
  16 orcs
  4 ball pythons
  6 bats
  2 giant cockroaches
  12 goblins
  10 hobgoblins
  3 jackals (D:1)
  2 quokkas
  A giant gecko zombie (D:6)
  6 giant newts
  4 kobolds
  A quokka skeleton (D:5)
  A quokka zombie (D:5)
  7 rats
118 creatures vanquished.

Vanquished Creatures (collateral kills)
  2 orc wizards (D:6)
  2 orcs
4 creatures vanquished.

Vanquished Creatures (others)
  3 dancing weapons (D:6)
3 creatures vanquished.

Grand Total: 125 creatures vanquished

Notes
Turn   | Place    | Note
--------------------------------------------------------------
     0 | D:1      | LETSDOELF the High Elf Enchanter began the quest for the Orb.
     0 | D:1      | Reached XP level 1. HP: 11/11 MP: 4/4
     9 | D:1      | Noticed an ogre
   518 | D:1      | Reached XP level 2. HP: 17/17 MP: 6/6
   841 | D:1      | Learned a level 2 spell: Ensorcelled Hibernation
  1169 | D:2      | Found a burning altar of Makhleb.
  1169 | D:2      | Noticed a cacodemon
  1172 | D:2      | Noticed an orange demon
  1172 | D:2      | Noticed a smoke demon
  1174 | D:2      | Became a worshipper of Makhleb the Destroyer
  1315 | D:2      | Reached XP level 3. HP: 21/21 MP: 7/7
  1330 | D:2      | Learned a level 3 spell: Confuse
  1623 | D:2      | Reached skill level 4 in Stealth
  2088 | D:3      | Reached * piety under Makhleb
  2190 | D:3      | Noticed Robin
  2207 | D:2      | Killed Robin
  2207 | D:2      | Reached XP level 4. HP: 23/27 MP: 1/8
  2301 | D:3      | Upgraded the game from 0.18-a0-1155-g296dcbc to 0.18-a0-1159-gf481d65
  2790 | D:3      | Reached skill level 5 in Stealth
  2802 | D:3      | Noticed FIQ's ghost (weakling HOFi)
  2815 | D:3      | Reached ** piety under Makhleb
  2815 | D:3      | Reached XP level 5. HP: 31/31 MP: 9/9
  2845 | D:3      | Killed FIQ's ghost
  2936 | D:3      | Found a shimmering altar of Xom.
  3659 | D:3      | Reached skill level 5 in Short Blades
  3659 | D:3      | Reached skill level 6 in Stealth
  3822 | D:4      | Reached XP level 6. HP: 36/36 MP: 10/10
  3943 | D:4      | Found an ancient bone altar of Kikubaaqudgha.
  3965 | D:4      | Learned a level 3 spell: Tukima's Dance
  4382 | D:4      | Found a deep blue altar of Sif Muna.
  4492 | D:4      | Reached skill level 1 in Ice Magic
  4909 | D:5      | Entered Level 5 of the Dungeon
  5308 | D:5      | Reached *** piety under Makhleb
  5591 | D:5      | Reached XP level 7. HP: 41/41 MP: 12/12
  5595 | D:5      | Learned a level 2 spell: Slow
  6777 | D:6      | Found a shadowy altar of Dithmenos.
  6781 | D:6      | Noticed Menkaure
  6861 | D:6      | Noticed Eustachio
  7045 | D:6      | Found a sparkling altar of Nemelex Xobeh.
  7063 | D:6      | Noticed Dowan
  7083 | D:6      | Killed Dowan
  7189 | D:6      | Killed Eustachio
  7189 | D:6      | Reached skill level 5 in Hexes
  7244 | D:6      | Noticed Grinder
  7245 | D:6      | Noticed Duvessa
  7492 | D:5      | Killed Duvessa
  7492 | D:5      | Reached XP level 8. HP: 46/46 MP: 11/15
  7510 | D:5      | Learned a level 3 spell: Dazzling Spray
  7513 | D:5      | Learned a level 2 spell: Repel Missiles
  7781 | D:6      | Found a staircase to the Ecumenical Temple.
  7926 | D:6      | Killed from afar by an orc priest

Vault maps used:
D:1:      evilmike_arrival_come_back
D:2:      makhleb_altar_promises_db
D:3:      old_standard_altar, first_bread, uniq_robin
D:4:      lemuel_crystal_altar, kennysheep_little_box
D:6:      nicolae_overflow_hidden_temple, nicolae_overflow_crystal_walls,
          temple_statues, uniq_eustachio, uniq_menkaure, uniq_grinder,
          uniq_duvessa, uniq_blork_the_orc

Action                   |  1- 3 |  4- 6 |  7- 9 || total
-------------------------+-------+-------+-------++-------
Melee: Dagger            |    81 |   175 |    61 ||   317
 Fire: Hunting sling     |       |    53 |    13 ||    66
Throw: Tomahawk          |     9 |       |       ||     9
       Stone             |     8 |     4 |     1 ||    13
 Cast: Corona            |    16 |     5 |       ||    21
       Ensorcelled Hiber |     5 |     9 |    14 ||    28
       Confuse           |       |     5 |    15 ||    20
       Tukima's Dance    |       |     1 |     9 ||    10
       Slow              |       |       |     3 ||     3
       Repel Missiles    |       |       |     1 ||     1
  Use: Scroll            |     6 |     5 |     2 ||    13
       Potion            |       |       |     4 ||     4
 Stab: Sleeping          |    15 |    20 |     8 ||    43
       Confused          |       |     5 |     8 ||    13
       Distracted        |       |     1 |       ||     1
  Eat: Chunk             |     8 |    21 |     9 ||    38

Vault maps used:
D:1:      evilmike_arrival_come_back
D:2:      makhleb_altar_promises_db
D:3:      old_standard_altar, first_bread, uniq_robin
D:4:      lemuel_crystal_altar, kennysheep_little_box
D:6:      nicolae_overflow_hidden_temple, nicolae_overflow_crystal_walls,
          temple_statues, uniq_eustachio, uniq_menkaure, uniq_grinder,
          uniq_duvessa, uniq_blork_the_orc
